Map: Deathaura LE

Players

Throwfordays - Winner!

  • Race: Protoss Protoss
  • League: Silver
  • Spawn Location: 11:00

Aura

  • Race: Terran Terran
  • League: Gold
  • Spawn Location: 5:00

VOD

Have the link to the VOD?

Description

Time

  • Played on: July 17, 2020, 6:48 p.m.
  • Length: 11:05
Show
View Real Time Build Order
Export as new Build Order

Throwfordays Protoss - Winner!

Build Orders:  

Get SALT Encoding   

  12  0:01  Probe  
  13  0:13  Pylon  
  13  0:30  Probe  
  13  0:32  Forge  
  14  0:38  Probe  
  15  0:46  Pylon  
  15  0:50  Probe  
  16  1:02  Probe  
  17  1:06  Photon Cannon  
  17  1:41  Probe  
  18  1:49  Nexus  
  18  1:51  Probe  
  18  1:52  Gateway  
  18  1:59  Assimilator  
  19  2:04  Pylon  
  19  2:15  Assimilator  
  19  2:21  Probe  
  20  2:24  Pylon  
  20  2:33  Probe  
  20  2:35  Photon Cannon  
  21  2:42  Cybernetics Core  
  21  2:43  Probe  
  21  2:51  Probe  
  22  2:57  Probe  
  23  3:00  Probe  
  23  3:01  Warp Gate  
  23  3:05  Probe  
  26  3:12  Gateway  
  26  3:15  Probe  
  26  3:16  Probe  
  28  3:28  Probe  
  28  3:29  Gateway  
  29  3:40  Twilight Council  
  29  3:50  Probe  
  29  3:51  Probe  
  31  3:58  Gateway  
  31  4:02  Probe  
  32  4:03  Probe  
  32  4:06  Charge  
  33  4:20  Zealot x3  
  33  4:21  Probe  
  39  4:24  Probe  
  39  4:29  Probe  
  39  4:30  Protoss Ground Weapons Level 1  
  41  4:36  Probe  
  43  4:42  Assimilator  
  43  4:44  Assimilator  
  43  4:49  Templar Archives  
  43  5:08  Nexus  
  43  5:10  Zealot x3  
  43  5:11  Zealot  
  50  5:32  Probe  
  50  5:34  Probe  
  52  5:37  Pylon  
  52  5:39  Zealot  
  54  5:46  Blink  
  54  5:47  Pylon  
  54  5:50  Pylon  
  54  5:51  Pylon  
  54  5:55  Probe x2  
  56  6:07  Probe x2  
  56  6:10  Zealot x3  
  56  6:11  Zealot  
  66  6:12  Forge  
  66  6:16  Probe  
  66  6:23  Probe  
  66  6:24  Probe  
  68  6:26  Probe  
  68  6:31  Psionic Storm  
  70  6:34  Probe  
  70  6:35  Probe  
  70  6:36  Sentry  
  70  6:37  Sentry  
  70  6:38  Sentry x2, Probe  
  81  6:46  Probe  
  82  6:47  Probe  
  82  6:50  Probe  
  84  6:58  Probe  
  85  7:02  High Templar, Probe  
  85  7:07  High Templar  
  90  7:14  Probe  
  91  7:16  Assimilator  
  91  7:18  Assimilator  
  91  7:28  Probe  
  92  7:35  Probe  
  93  7:38  Probe  
  93  7:40  High Templar x2  
  93  7:41  Probe  
  99  7:48  Probe  
  99  7:51  Probe  
  101  8:24  Pylon  
  101  8:25  Pylon  
  101  8:28  Pylon  
  101  8:30  Pylon  
  101  8:33  Pylon  
  101  8:35  Pylon  
  101  8:42  Probe x2  
  101  8:47  High Templar x4  
  111  8:54  Probe  
  112  9:00  Nexus  
  112  9:02  Unknown  
  112  9:06  Unknown, Probe  
  112  9:09  Pylon  
  113  9:10  Pylon  
  113  9:12  Pylon  
  113  9:18  Probe  
  114  9:25  Pylon  
  114  9:41  Gateway x2  
  114  9:45  Gateway  
  114  9:47  Gateway  
  114  10:04  Archon x2  
  114  10:05  Archon x2  
  98  10:47  Probe  
  98  10:49  Zealot x5  
  108  10:50  Zealot x3  
Show
View Real Time Build Order
Export as new Build Order

Aura Terran 

Build Orders:  

Get SALT Encoding   

  12  0:01  SCV  
  13  0:15  Supply Depot  
  13  0:17  SCV  
  14  0:30  SCV  
  15  0:39  Barracks  
  15  0:42  SCV  
  16  0:54  SCV  
  17  1:26  Marine  
  17  1:32  Supply Depot  
  18  1:34  SCV  
  19  1:43  Marine  
  19  1:46  Refinery, SCV  
  21  1:58  SCV  
  22  2:01  Marine  
  23  2:10  SCV  
  24  2:19  Marine  
  24  2:21  Command Center  
  24  2:22  SCV  
  26  2:34  Refinery, SCV  
  27  2:37  Marine  
  27  2:43  Supply Depot  
  28  2:46  SCV  
  29  2:55  Marine  
  30  2:59  SCV  
  31  3:11  SCV  
  31  3:12  Marine, Supply Depot  
  33  3:23  SCV  
  34  3:30  Marine, Factory  
  35  3:35  SCV  
  35  3:38  SCV  
  37  3:47  SCV  
  37  3:48  Marine  
  38  3:49  Barracks  
  38  3:50  SCV  
  40  3:59  SCV  
  42  4:02  SCV  
  42  4:11  SCV  
  42  4:14  SCV  
  42  4:15  Factory Tech Lab  
  44  4:22  Starport  
  44  4:23  Barracks Reactor, SCV  
  45  4:27  SCV  
  46  4:35  SCV  
  46  4:37  Supply Depot  
  47  4:39  SCV  
  47  4:41  Refinery x2  
  48  4:47  Orbital Command  
  48  4:51  SCV  
  49  4:57  Barracks Reactor  
  49  5:03  SCV  
  49  5:04  Barracks  
  50  5:15  SCV  
  51  5:27  SCV  
  52  5:31  Starport Reactor  
  52  5:33  Siege Tank  
  55  5:39  SCV  
  56  5:43  Marine x2  
  56  5:46  Marine  
  56  5:47  Marine, Command Center  
  60  5:58  Engineering Bay  
  60  6:01  Marine x2  
  62  6:04  Marine  
  62  6:05  Marine, Siege Tank  
  62  6:09  Supply Depot  
  67  6:19  Marine x2, Barracks Tech Lab  
  67  6:20  Supply Depot  
  67  6:22  Marine  
  67  6:24  Engineering Bay  
  70  6:31  Marine  
  74  6:32  Supply Depot  
  74  6:35  Medivac  
  74  6:36  Marine, Medivac  
  74  6:37  Marine  
  77  6:40  Marine  
  77  6:41  Siege Tank  
  77  6:44  Stimpack  
  81  6:48  Marine  
  81  6:49  Terran Infantry Weapons Level 1  
  81  6:52  Terran Infantry Armor Level 1  
  82  6:55  Supply Depot  
  82  7:02  Orbital Command  
  82  7:05  SCV, Medivac  
  82  7:06  Medivac  
  87  7:10  SCV  
  88  7:17  Marine x3, SCV  
  88  7:18  Marine, Supply Depot  
  88  7:19  Marine  
  88  7:22  SCV  
  95  7:29  SCV  
  96  7:30  SCV  
  96  7:34  SCV  
  96  7:35  Marine x3  
  101  7:42  SCV  
  102  7:46  SCV  
  103  7:52  Supply Depot  
  103  7:54  SCV  
  103  7:58  SCV  
  105  8:02  Marine x5  
  110  8:06  SCV  
  110  8:10  SCV  
  112  8:14  Supply Depot  
  112  8:15  Medivac x2  
  112  8:18  SCV  
  112  8:19  Marine  
  117  8:20  Marine x4  
  117  8:22  SCV  
  117  8:24  Combat Shield  
  123  8:30  SCV  
  125  8:34  SCV  
  125  8:37  Marine x2, Supply Depot  
  125  8:38  Marine x3  
  130  8:42  SCV  
  130  8:45  Viking x2  
  130  8:46  SCV  
  136  8:55  Marine x2, Siege Tank  
  139  8:58  Marine x3  
  139  9:00  Supply Depot  
  139  9:02  Ghost Academy  
  144  9:09  SCV  
  145  9:13  Marine x2  
  145  9:16  Marine, SCV  
  149  9:17  Barracks  
  149  9:21  Marine x2  
  149  9:22  SCV x2  
  149  9:23  Supply Depot  
  153  9:24  Refinery, Barracks  
  153  9:27  Refinery, Siege Tank, Command Center  
  153  9:28  SCV  
  157  9:40  Marine  
  157  9:51  Marine x3  
  157  9:52  Marine, Viking x2  
  116  10:04  Marine  
  102  10:08  Siege Tank  
  102  10:09  Marine x3  
  102  10:10  Marine  
  86  10:22  Marine, Viking  
  86  10:26  Marine  
  86  10:27  Marine x2  
  86  10:28  Marine  
  80  10:32  Marine x2  
  66  10:39  Marine  
  62  10:44  Marine  
Tags
 
Matchup
PvT
Replay Pack
Multiplayer
Spawn Locations
Cross Positions
Add a new tag
Caveats
  • Supply blocks, unpowered buildings, or Contaminate may cause inaccurate times.
  • Supply counts are checked every 10 seconds.